 Dungeon Crawl Stone Soup version 0.28.0-49-g6dfe1f597d (webtiles) character file.

Game seed: 3859222048070629642

84 Exodus22XD the Covered (level 4, 40/40 HPs)
             Began as a Minotaur Fighter on May 14, 2022.
             Was a Follower of the Shining One.
             Quit the game on level 2 of the Dungeon.
             The game lasted 00:01:12 (1827 turns).

Exodus22XD the Covered (Minotaur Fighter)           Turns: 1827, Time: 00:01:12

Health: 40/40      AC:  7    Str: 23    XL:     4   Next: 23%
Magic:  3/3        EV:  9    Int:  5    God:    the Shining One [*.....]
Gold:   102        SH:  4    Dex:  9    Spells: 3/3 levels left

rFire   . . .      SeeInvis .   a - +0 war axe
rCold   . . .      Faith    .   c - +0 buckler
rNeg    . . .      Spirit   .   b - +0 scale mail
rPois   .          Reflect  .   (helmet restricted)
rElec   .          Harm     .   (no cloak)
rCorr   +          Rampage  .   (no gloves)
Will    .....                   (no boots)
Stlth   ..........              (no amulet)
HPRegen 0.13/turn               f - ring of resist corrosion
MPRegen 0.08/turn               (no ring)

@: glowing
A: horns 2, retaliatory headbutt
a: Renounce Religion, Divine Shield


You were on level 2 of the Dungeon.
You worshipped the Shining One.
The Shining One was aware of your devotion.
You visited 1 branch of the dungeon, and saw 3 of its levels.

You collected 102 gold pieces.

Inventory:

Hand Weapons
 a - a +0 war axe (weapon)
Armour
 b - a +0 scale mail (worn)
 c - a +0 buckler (worn)
Jewellery
 f - a ring of resist corrosion (left hand)
 i - a ring of fire
Scrolls
 e - a scroll of fear {unknown}
 g - a scroll of enchant weapon {unknown}
 j - a scroll of summoning {unknown}
Potions
 d - a potion of might
 h - a potion of curing {unknown}


   Skills:
 + Level 4.3 Fighting
 + Level 3.5 Axes
 + Level 4.6 Armour
 + Level 4.1 Shields


You had 3 spell levels left.
You didn't know any spells.
Your spell library contained the following spells:

 Spells                   Type           Power      Damage    Failure   Level
 Portal Projectile        Hex/Tloc       0%         N/A       99%         3
 Blade Hands              Tmut           0%         N/A       100%        5
 Excruciating Wounds      Necr           0%         N/A       100%        5


Dungeon Overview and Level Annotations

Branches:
Dungeon (3/15)

Altars:
The Shining One


Innate Abilities, Weirdness & Mutations

You have a pair of horns on your head.
You reflexively headbutt those who attack you in melee.


Message History

There is an open door here.
A kobold comes into view. It is wielding a +0 whip.
The kobold shouts!
A kobold is nearby!
You hit the kobold.
You kill the kobold!
Things that are here:
a +0 whip; a kobold corpse No target in view!
Things that are here:
a +0 whip; a kobold corpse Key pressed, stopping explore.
No target in view!
You see here a +0 spear.
Found a chain mail.
No target in view!
You pick up a book of Weapons and begin reading...
You add the spells Portal Projectile, Excruciating Wounds and Blade Hands to your library.
No target in view!
You see here a +0 chain mail.
As you open the door, it creaks loudly!
No target in view!
There is an open door here.
Key pressed, stopping explore.
No target in view!
No target in view!
You open the large door.
There is a large open door here.
There is a large open door here.
You open the door.
There is an open door here.
You open the door.
There is an open door here.
You open the door.
There is an open door here.
Found a stone staircase leading up.
No target in view!
Are you sure you want to abandon this character and quit the game? (Confirm with "yes".)
Okay, then.
Are you sure you want to abandon this character and quit the game? (Confirm with "yes".)

#....##....# #.##
#....##....#####..#
#.#######.......#.#####
#..[..... .............
#.######. #######.#####
#.# .........# #.#
########..##
#.######.####<###..(#
#.##..@.........#.#.#
#.##.###+####.# #.#.#
#.##.##.......# #.#'###
#.##.##......# #......
#.##..'......# #.>....
#.#####......# #......
#.# ##'######+#......
#.# #.# #.......##..
#.# #.# #.........).


There were no monsters in sight!

Vanquished Creatures
  An orc priest (D:2)
  An adder (D:2)
  A worm (D:2)
  2 dart slugs
  3 orcs
  4 endoplasms
  A giant cockroach (D:2)
  5 goblins
  A hobgoblin (D:1)
  4 quokkas (D:1)
  4 ball pythons
  2 bats (D:2)
  A frilled lizard (D:1)
  2 kobolds (D:2)
  3 rats
35 creatures vanquished.

Notes
Turn   | Place    | Note
-------+----------+-------------------------------------------
     0 | D:1      | Exodus22XD the Minotaur Fighter began the quest for the
                  | Orb.
     0 | D:1      | Reached XP level 1. HP: 19/19 MP: 0/0
   287 | D:1      | Reached XP level 2. HP: 27/27 MP: 1/1
   917 | D:2      | Reached XP level 3. HP: 5/33 MP: 2/2
  1401 | D:2      | Reached XP level 4. HP: 18/40 MP: 3/3
  1413 | D:2      | Found a faded altar of an unknown god.
  1432 | D:2      | Prayed at the altar of an unknown god.
  1432 | D:2      | Became a worshipper of the Shining One
  1432 | D:2      | Reached * piety under the Shining One
  1827 | D:2      | Quit the game

Illustrated notes

Levels and vault maps discovered:
D:1:      dpeg_arrival_arbitrary_c, layout_basic
D:2:      layout_basic, hellmonk_ecumenical_altar_arch_garden, basic_altar,
          hangedman_abyss_or_decor_stabs
D:3:      layout_rooms, feat_on_display, uniq_ijyb, uniq_crazy_yiuf_cottage

Skill      XL: |  1  2 |
---------------+-------+-----
Armour         | 4 |  4.6
Fighting       | 4 |  4.3
Axes           | 3 |  3.5
Shields        | 4 |  4.1

Action                   |  1- 3 |  4- 6 || total
-------------------------+-------+-------++-------
Melee: War axe           |    59 |     9 ||    68
       Headbutt          |     3 |       ||     3
Armor: Scale mail        |    16 |     2 ||    18
Dodge: Dodged            |    28 |     3 ||    31
Block: Buckler           |    18 |     2 ||    20
